 Dungeon Crawl Stone Soup version 0.23-a0-321-g6bcb69f (webtiles) character file.

1450 epen the Ducker (level 8, 0/64 HPs)
             Began as a Gnoll Gladiator on Oct 15, 2018.
             Was a Follower of Okawaru.
             Slain by Karim's ghost (13 damage)
             ... on level 7 of the Dungeon.
             The game lasted 00:07:20 (5155 turns).

epen the Ducker (Gnoll Gladiator)                   Turns: 5155, Time: 00:07:21

Health: 0/64       AC:  6    Str: 18    XL:     8   Next: 75%
Magic:  13/13      EV: 16    Int: 14    God:    Okawaru [*.....]
Gold:   304        SH:  0    Dex: 17    Spells: 13/13 levels left

rFire    . . .     SeeInvis .   w - +3 spear (venom)
rCold    . . .     Gourm    .   (no shield)
rNeg     . . .     Faith    .   v - +0 ring mail
rPois    +         Spirit   .   c - +0 helmet
rElec    .         Reflect  .   (no cloak)
rCorr    .         Harm     .   (no gloves)
MR       .....                  (no boots)
Stlth    ++........             u - amulet of regeneration
HPRegen  0.60/turn              e - ring of poison resistance
MPRegen  0.13/turn              k - +3 ring of intelligence

@: no status effects
A: distributed training, fangs 1, strong nose
a: Heroism, Renounce Religion


You were on level 7 of the Dungeon.
You worshipped Okawaru.
Okawaru was aware of your devotion.
You were hungry.

You visited 2 branches of the dungeon, and saw 8 of its levels.

You collected 304 gold pieces.

Inventory:

Hand Weapons
 a - a +0 long sword
 w - a +3 spear of venom (weapon)
Missiles
 d - 3 throwing nets (quivered)
Armour
 c - a +0 helmet (worn)
 v - a +0 ring mail (worn)
Jewellery
 e - a ring of poison resistance (left hand)
 k - a +3 ring of intelligence (right hand)
 q - an uncursed ring of stealth
 u - an amulet of regeneration (around neck)
Wands
 o - a wand of enslavement (11)
 z - a wand of disintegration (23)
Scrolls
 g - 2 scrolls of fear
 h - 3 scrolls of teleportation
 i - a scroll of blinking
 j - 4 scrolls of magic mapping
 l - a scroll of amnesia
 m - 4 scrolls of remove curse
 y - 4 scrolls of enchant weapon
Potions
 b - 2 potions of mutation
 p - 2 potions of curing
 r - a potion of lignification {unknown}
 s - a potion of ambrosia
 t - 2 potions of heal wounds
 A - a potion of brilliance
 B - a potion of flight
 C - a potion of resistance
Comestibles
 f - 12 rations
 x - 3 chunks of flesh


   Skills:
 + Level 5.8 Fighting
 + Level 3.4 Short Blades
 + Level 7.5 Long Blades
 + Level 3.4 Axes
 + Level 3.4 Maces & Flails
 + Level 3.4 Polearms
 + Level 3.4 Staves
 + Level 3.4 Slings
 + Level 3.4 Bows
 + Level 3.4 Crossbows
 + Level 5.8 Throwing
 + Level 3.4 Armour
 + Level 7.5 Dodging
 + Level 3.4 Stealth
 + Level 3.4 Shields
 + Level 3.4 Unarmed Combat
 + Level 3.4 Spellcasting
 + Level 2.8 Conjurations
 + Level 2.8 Hexes
 + Level 2.8 Charms
 + Level 2.8 Summonings
 + Level 2.8 Necromancy
 + Level 2.8 Translocations
 + Level 2.8 Transmutations
 + Level 2.8 Fire Magic
 + Level 2.8 Ice Magic
 + Level 2.8 Air Magic
 + Level 2.8 Earth Magic
 + Level 2.8 Poison Magic
 + Level 3.8 Invocations
 + Level 3.4 Evocations


You had 13 spell levels left.
You didn't know any spells.
Your spell library contained the following spells:

 Spells                   Type           Power        Failure   Level  Hunger
 Beastly Appendage        Tmut           ##....       11%         1    #......
 Flame Tongue             Conj/Fire      ##...        11%         1    #......
 Passwall                 Tmut/Erth      ##......     17%         2    ##.....
 Sticks to Snakes         Tmut           ##......     17%         2    ##.....
 Throw Flame              Conj/Fire      ##....       17%         2    ##.....
 Conjure Flame            Conj/Fire      ##......     32%         3    ###....
 Ignite Poison            Fire/Tmut/Pois ##......     32%         3    ###....
 Inner Flame              Hex/Fire       ##......     32%         3    ###....
 Spider Form              Tmut/Pois      ##........   32%         3    ###....
 Petrify                  Tmut/Erth      ##......     73%         4    #####..
 Sticky Flame             Conj/Fire      ##......     73%         4    #####..
 Fireball                 Conj/Fire      ##........   97%         5    ######.
 Irradiate                Conj/Tmut      ##........   97%         5    ######.


Dungeon Overview and Level Annotations

Branches:
Dungeon (7/15)             Temple (1/1) D:4

Altars:
Ashenzari
Cheibriados
Dithmenos
Elyvilon
Fedhas
Gozag
Hepliaklqana
Kikubaaqudgha
Makhleb
Nemelex Xobeh
Okawaru
Qazlal
Ru
Sif Muna
Trog
Uskayaw
Vehumet
Wu Jian
Xom
Yredelemnul
Zin
The Shining One

Annotations:
D:7 Karim's ghost, novice FeMo


Innate Abilities, Weirdness & Mutations

Your experience applies equally to all skills.
You have very sharp teeth.
Your uncanny sense of smell can sniff out nearby items.


Message History

Karim's ghost misses you.
You hit Karim's ghost.
Karim's ghost is heavily damaged.
Karim's ghost closely misses you.
You miss Karim's ghost.
Karim's ghost is heavily damaged.
You barely miss Karim's ghost. Your punch misses Karim's ghost.
Karim's ghost is heavily damaged.
Karim's ghost closely misses you.
You hit Karim's ghost. Your bite misses Karim's ghost.
Karim's ghost is heavily damaged.
Karim's ghost hits you but does no damage.
You hit Karim's ghost.
Karim's ghost is severely damaged.
Karim's ghost hits you!
* * * LOW HITPOINT WARNING * * *
You miss Karim's ghost. You punch Karim's ghost.
Karim's ghost is almost destroyed.
Karim's ghost hits you!
You die...

.### ....# #.....##
##### ..###.... ....
..##⌠##..##..###.# #
.##...##†........ #
##..%..##.#..# #
#⌠.!♣...W....# #
##..!..##@#..# #
.##...##..#..####
..##⌠##..........
#..###.......####
##.....##.##....
###..# #.# #### ##.#
#.# ### ###.###.####
####.....#..........#


You could see Karim's ghost.

Vanquished Creatures
  Sigmund (D:6)
  Menkaure (D:4)
  2 ogres (D:4)
  A centaur (D:7)
  3 scorpions
  A howler monkey (D:4)
  2 crimson imps
  A bullfrog skeleton (D:5)
  2 hounds
  2 bullfrog zombies (D:7)
  An orc priest (D:4)
  An orc wizard (D:3)
  6 worker ants
  2 hound zombies
  A worker ant zombie (D:5)
  10 adders
  7 gnolls
  2 shadow imps
  An adder skeleton (D:4)
  3 worms
  2 dart slugs
  3 leopard geckos
  15 orcs
  A ball python (D:2)
  2 giant cockroaches
  6 goblins
  5 hobgoblins
  4 jackals
  4 quokkas
  7 bats
  7 frilled lizards
  10 kobolds
  A quokka skeleton (D:6)
  6 rats
123 creatures vanquished.

Vanquished Creatures (others)
  A dart slug (D:1)
1 creature vanquished.

Grand Total: 124 creatures vanquished

Notes
Turn   | Place    | Note
-------+----------+-------------------------------------------
     0 | D:1      | epen the Gnoll Gladiator began the quest for the Orb.
     0 | D:1      | Reached XP level 1. HP: 20/20 MP: 1/1
    97 | D:1      | Reached XP level 2. HP: 26/26 MP: 2/2
   688 | D:2      | Reached XP level 3. HP: 28/31 MP: 3/3
   757 | D:2      | Reached skill level 1 in Invocations
   932 | D:2      | Reached skill level 1 in Short Blades
   932 | D:2      | Reached skill level 1 in Axes
   932 | D:2      | Reached skill level 1 in Maces & Flails
   932 | D:2      | Reached skill level 1 in Polearms
   932 | D:2      | Reached skill level 1 in Staves
   932 | D:2      | Reached skill level 1 in Slings
   932 | D:2      | Reached skill level 1 in Bows
   932 | D:2      | Reached skill level 1 in Crossbows
   932 | D:2      | Reached skill level 1 in Armour
   932 | D:2      | Reached skill level 1 in Stealth
   932 | D:2      | Reached skill level 1 in Shields
   932 | D:2      | Reached skill level 1 in Unarmed Combat
   932 | D:2      | Reached skill level 1 in Spellcasting
   932 | D:2      | Reached skill level 1 in Evocations
   943 | D:2      | Reached XP level 4. HP: 29/38 MP: 5/5
  1072 | D:2      | Found a sparkling altar of Nemelex Xobeh.
  1428 | D:3      | Reached skill level 1 in Conjurations
  1428 | D:3      | Reached skill level 1 in Hexes
  1428 | D:3      | Reached skill level 1 in Charms
  1428 | D:3      | Reached skill level 1 in Summonings
  1428 | D:3      | Reached skill level 1 in Necromancy
  1428 | D:3      | Reached skill level 1 in Translocations
  1428 | D:3      | Reached skill level 1 in Transmutations
  1428 | D:3      | Reached skill level 1 in Fire Magic
  1428 | D:3      | Reached skill level 1 in Ice Magic
  1428 | D:3      | Reached skill level 1 in Air Magic
  1428 | D:3      | Reached skill level 1 in Earth Magic
  1428 | D:3      | Reached skill level 1 in Poison Magic
  1439 | D:3      | Reached XP level 5. HP: 36/43 MP: 6/6
  2075 | D:4      | Noticed an ogre
  2078 | D:4      | Reached XP level 6. HP: 42/50 MP: 8/8
  2085 | D:4      | Reached skill level 5 in Fighting
  2085 | D:4      | Reached skill level 5 in Throwing
  2182 | D:4      | Noticed Menkaure
  2239 | D:4      | Killed Menkaure
  2239 | D:4      | Reached XP level 7. HP: 13/56 MP: 10/10
  2820 | D:4      | Found a staircase to the Ecumenical Temple.
  2830 | Temple   | Entered the Ecumenical Temple
  3007 | Temple   | Became a worshipper of Warmaster Okawaru
  3369 | D:5      | Entered Level 5 of the Dungeon
  3501 | D:5      | Identified Kiuramp's Almanac of Moulding
  3525 | D:5      | Found a deep blue altar of Sif Muna.
  3527 | D:5      | Found an opulent altar of Gozag.
  3691 | D:5      | Found a blossoming altar of Fedhas.
  3692 | D:5      | Found an ancient bone altar of Kikubaaqudgha.
  3693 | D:5      | Found a shadowy altar of Dithmenos.
  3693 | D:5      | Found a glowing golden altar of the Shining One.
  3803 | D:5      | Reached XP level 8. HP: 58/63 MP: 12/12
  3853 | D:5      | Found a bloodstained altar of Trog.
  4312 | D:6      | Noticed Sigmund
  4319 | D:6      | Reached * piety under Okawaru
  4325 | D:6      | Killed Sigmund
  5122 | D:7      | Found a runed door.
  5123 | D:7      | Noticed Karim's ghost (novice FeMo)
  5155 | D:7      | Slain by Karim's ghost

Vault maps used:
D:1:      psy_arrival_statuary
D:2:      nemelex_spade_bored_becter
D:3:      first_ration
D:4:      minmay_temple_entry_trees, uniq_menkaure
D:5:      chequers_temple_overflow_statue_of_worship,
          grunt_temple_overflow_open, trog_three_pillars_becter
D:6:      uniq_sigmund
D:7:      hellmonk_ghost_happy_afterlife, uniq_pikel
Temple:   regret_index_temple_sphere_string

Skill      XL: |  1  2  3  4  5  6  7  8 |
---------------+-------------------------+-----
Invocations    | 1 2 3 |  3.8
Short Blades   | 1 2 3 |  3.4
Axes           | 1 2 3 |  3.4
Maces & Flails | 1 2 3 |  3.4
Polearms       | 1 2 3 |  3.4
Staves         | 1 2 3 |  3.4
Slings         | 1 2 3 |  3.4
Bows           | 1 2 3 |  3.4
Crossbows      | 1 2 3 |  3.4
Armour         | 1 2 3 |  3.4
Stealth        | 1 2 3 |  3.4
Shields        | 1 2 3 |  3.4
Unarmed Combat | 1 2 3 |  3.4
Spellcasting   | 1 2 3 |  3.4
Evocations     | 1 2 3 |  3.4
Conjurations   | 1 2 |  2.8
Hexes          | 1 2 |  2.8
Charms         | 1 2 |  2.8
Summonings     | 1 2 |  2.8
Necromancy     | 1 2 |  2.8
Translocations | 1 2 |  2.8
Transmutations | 1 2 |  2.8
Fire Magic     | 1 2 |  2.8
Ice Magic      | 1 2 |  2.8
Air Magic      | 1 2 |  2.8
Earth Magic    | 1 2 |  2.8
Poison Magic   | 1 2 |  2.8
Fighting       | 5 |  5.8
Throwing       | 5 |  5.8
Long Blades    | 7 |  7.5
Dodging        | 7 |  7.5

Action                   |  1- 3 |  4- 6 |  7- 9 || total
-------------------------+-------+-------+-------++-------
Melee: Long sword        |    63 |    74 |       ||   137
       Bite              |     9 |    12 |    26 ||    47
       Punch             |     1 |     3 |     6 ||    10
       Spear             |       |    52 |   235 ||   287
  Use: Scroll            |       |       |    17 ||    17
 Stab: Sleeping          |     1 |       |     7 ||     8
       Distracted        |       |       |     1 ||     1
  Eat: Chunk             |       |     4 |     6 ||    10
       Ration            |       |       |     1 ||     1
Armor: Leather armour    |    16 |     6 |       ||    22
       Ring mail         |       |     9 |    36 ||    45
Dodge: Dodged            |    54 |    94 |   109 ||   257
       Rpst.: Long sword |    19 |    23 |       ||    42

Table legend:
 A = Non-vault XP
 B = Vault XP
 C = Vault XP percentage of total XP
 D = Non-vault monster count
 E = Vault monster count
 F = Vault count percentage of total count
                 A         B        C        D         E       F
            +---------+---------+-------+---------+---------+-------
      Total |    1683 |     389 |  18.8 |     122 |       2 |   1.6
            +---------+---------+-------+---------+---------+-------
        D:1 |      30 |       0 |   0.0 |      20 |       0 |   0.0
        D:2 |      98 |       0 |   0.0 |      25 |       0 |   0.0
        D:3 |     148 |       0 |   0.0 |      23 |       0 |   0.0
        D:4 |     480 |     169 |  26.0 |      15 |       1 |   6.2
        D:5 |     305 |       0 |   0.0 |      16 |       0 |   0.0
        D:6 |     305 |     220 |  41.9 |      12 |       1 |   7.7
        D:7 |     317 |       0 |   0.0 |      11 |       0 |   0.0
            +---------+---------+-------+---------+---------+-------
